 Dungeon Crawl Stone Soup version 0.32-a0-350-g4f4d228785 (webtiles) character file.

Game seed: 751679424561832360

812 octoduck the Cleaver (level 7, 0/57 HPs)
             Began as a Mountain Dwarf Monk on Feb 17, 2024.
             Was a Believer of Beogh.
             Slain by an ogre
             ... wielding a +0 giant club
              (20 damage)
             ... on level 5 of the Dungeon.
             The game lasted 00:16:09 (7181 turns).

octoduck the Cleaver (Mountain Dwarf Monk)          Turns: 7181, Time: 00:16:09

Health: 0/57       AC:  9    Str: 15    XL:     7   Next: 61%
Magic:  7/7        EV:  5    Int: 11    God:    Beogh [**....]
Gold:   316        SH:  7    Dex: 12    Spells: 6/6 levels left

rFire   + . .        a - +0 hand axe
rCold   + . .        q - +0 kite shield
rNeg    . . .        j - +1 chain mail
rPois   .            (no helmet)
rElec   .            (no cloak)
rCorr   .            (no gloves)
SInv    .            (no boots)
Will    .....        (no amulet) Stlth
                     u - ring of protection from cold
HPRegen 0.29/turn    h - ring of protection from fire
MPRegen 0.10/turn

%: no passive effects
@: no status effects
A: runic magic, artefact enchanting
a: Renounce Religion, Smiting


You were on level 5 of the Dungeon.
You worshipped Beogh.
Beogh was pleased with you.
You visited 1 branch of the dungeon, and saw 5 of its levels.

You collected 316 gold pieces.

Inventory:

Hand Weapons
 a - a +0 hand axe (weapon)
Armour
 j - a +1 chain mail (worn)
 q - a +0 kite shield (worn)
Jewellery
 h - a ring of protection from fire (right hand)
 u - a ring of protection from cold (left hand)
 v - an amulet of faith
Scrolls
 c - 4 scrolls of enchant armour
 d - a scroll of noise {unknown}
 g - a scroll of enchant weapon {unknown}
 i - a scroll of silence {unknown}
 k - 2 scrolls of amnesia
 m - a scroll of immolation
Potions
 b - 2 potions of enlightenment {unknown}
 e - 2 potions of attraction
 f - a potion of heal wounds {unknown}
 l - a potion of haste
 o - 2 potions of berserk rage {unknown}
 p - 2 potions of curing


   Skills:
 - Level 3.2 Fighting
 * Level 10.8 Axes
 - Level 2.1 Dodging
 + Level 0.7 Invocations


You had 6 spell levels left.
You didn't know any spells.
Your spell library contained the following spells:

 Spells                   Type           Power      Damage    Failure   Level
 Cigotuvi's Dreadful Rot  Necr/Alch/Air  0%         N/A       98%         2
 Sublimation of Blood     Necr           0%         N/A       98%         2
 Dazzling Flash           Conj/Hex       0%         N/A       100%        3
 Mephitic Cloud           Conj/Alch/Air  0%         N/A       100%        3
 Ignite Poison            Fire/Alch      0%         N/A       100%        4
 Petrify                  Alch/Erth      0%         N/A       100%        4
 Curse of Agony           Necr           0%         N/A       100%        5
 Freezing Cloud           Conj/Ice/Air   0%         6-21      100%        5
 Irradiate                Conj/Alch      0%         3d11      100%        5
 Silence                  Hex/Air        0%         N/A       100%        5


Dungeon Overview and Level Annotations

Branches:
Dungeon (5/15)
 Temple: D:4-7

Altars:
Dithmenos
Uskayaw

Shops:
D:1 *

Annotations:
D:5 2 transporters, Newt's ghost, novice GrFi; Pikel


Innate Abilities, Weirdness & Mutations

Your facial features look somewhat orcish.
Your spellcasting is much less encumbered by armour.
You can use scrolls of enchantment on lesser artefacts.


Message History

Found a robe.
You see here 5 stones.
i - a scroll labelled ZAYJEONWEQ You open the door.
There is an open door here.
The gnoll shouts!
You open the door.
There is an open door here.
b - 2 white potions (gained 1)
m - a scroll of immolation An ogre comes into view.
It is wielding a +0 giant club.
The ogre shouts!
You hit the ogre.
The ogre is lightly wounded.
The ogre hits you with a +0 giant club!
You hit the ogre but do no damage.
The ogre is lightly wounded.
You hit the ogre but do no damage.
The ogre is lightly wounded.
The ogre hits you with a +0 giant club!
You hit the ogre.
The ogre is moderately wounded.
You block the ogre's attack.
You hit the ogre.
The ogre is moderately wounded.
You hit the ogre.
The ogre is heavily wounded.
You block the ogre's attack.
You hit the ogre but do no damage.
The ogre is heavily wounded.
The ogre barely misses you.
You closely miss the ogre.
The ogre is heavily wounded.
You hit the ogre.
The ogre is severely wounded.
The ogre hits you with a +0 giant club!
You hit the ogre.
The ogre is almost dead.
The ogre hits you with a +0 giant club!!
You die...

#. #. #. #. #. #####
######. #... ...#..
########.###########.#.)
......O@.........<...K<.
########.###########.###
#..........# #....
#..........# #####
#..........# ##
#..........# #. ##
#..........# #. . .
########..........# ###. #.
#.........#.############...


You could see an ogre.

Vanquished Creatures
  An ogre (D:4)
  4 lemures (D:5)
  A phantom (D:5)
  Blork the orc (D:5)
  2 scorpions
  A bombardier beetle (D:5)
  3 hounds
  Jessica (D:3)
  2 iguanas
  A sleepcap (D:4)
  An orc wizard (D:3)
  5 gnolls
  2 adders
  A white imp (D:5)
  2 dart slugs
  2 ribbon worms
  6 orcs
  7 ball pythons
  5 bats
  8 endoplasms
  5 giant cockroaches
  4 goblins
  6 hobgoblins
  10 jackals
  A kobold (D:4)
  3 quokkas
  3 frilled lizards
  5 rats
93 creatures vanquished.

Notes
Turn   | Place    | Note
-------+----------+-------------------------------------------
     0 | D:1      | octoduck the Mountain Dwarf Monk began the quest for the
                  | Orb.
     0 | D:1      | Reached XP level 1. HP: 19/19 MP: 1/1
   159 | D:1      | Reached skill level 4 in Axes
   198 | D:1      | Found a faded altar of an unknown god.
   255 | D:1      | Reached XP level 2. HP: 26/26 MP: 2/2
   450 | D:1      | Found Bagiush's Assorted Antiques.
   527 | D:1      | Reached skill level 5 in Axes
   801 | D:1      | Reached XP level 3. HP: 29/31 MP: 3/3
  1303 | D:2      | Found a hide-covered altar of Uskayaw.
  2235 | D:3      | Identified the +6 dagger of the Sea {protect, rC+ rN++
                  | Str-5}
  2244 | D:3      | Reached skill level 6 in Axes
  2244 | D:3      | Reached XP level 4. HP: 34/38 MP: 4/4
  3024 | D:3      | Noticed Jessica
  3182 | D:3      | Noticed a scorpion
  3210 | D:3      | Killed a scorpion
  3211 | D:3      | Reached skill level 7 in Axes
  3211 | D:3      | Reached XP level 5. HP: 45/45 MP: 5/5
  3382 | D:3      | Killed Jessica
  4140 | D:4      | Reached skill level 8 in Axes
  4191 | D:4      | Noticed an ogre
  4425 | D:4      | Reached XP level 6. HP: 51/51 MP: 6/6
  5103 | D:5      | Entered Level 5 of the Dungeon
  5133 | D:5      | Reached skill level 9 in Axes
  5202 | D:5      | Found a transporter.
  5215 | D:5      | Noticed Newt's ghost (novice GrFi)
  5220 | D:5      | Found a transporter.
  5373 | D:5      | Reached XP level 7. HP: 57/57 MP: 7/7
  5666 | D:5      | Noticed Blork the orc
  5678 | D:5      | Killed Blork the orc
  5718 | D:5      | Noticed Pikel
  5770 | D:4      | Reached skill level 10 in Axes
  6584 | D:4      | Became a worshipper of Beogh the Shepherd
  6584 | D:4      | Reached * piety under Beogh
  6584 | D:4      | Reached ** piety under Beogh
  7036 | D:5      | Found a shadowy altar of Dithmenos.
  7181 | D:5      | Slain by an ogre

Illustrated notes

Levels and vault maps discovered:
D:1:      denvon_arrival_waterhouse, layout_basic, serial_shops,
          nicolae_shop_window_shopping, ebering_ecumenical_altar_ruins,
          serial_co_window_serial, co_window_paths_a, co_window_corner_a,
          co_window_paths_a, co_window_paths_a, co_window_paths_a,
          co_window_paths_a, co_window_paths_a, co_window_broadway_a,
          co_window_broadway_c, co_window_corner_b, co_window_of_opportunity_b,
          glass_columns_a
D:2:      layout_basic, basic_altar
D:3:      layout_rooms, serial_bayou, serial_bayou_pond_c, serial_bayou_pond_b,
          serial_bayou_lagoon_b, serial_bayou_shore_b, nicolae_the_louvre,
          uniq_jessica
D:4:      layout_layer_cave, serial_glass, glass_columns_a, glass_columns_c
D:5:      layout_basic, mainiacjoe_overflow_small_starburst,
          minmay_temple_entry_from_below_a, gammafunk_ghost_arena,
          abandoned_shop, uniq_pikel, uniq_blork_the_orc

Skill      XL: |  1  2  3  4  5  6  7 |
---------------+----------------------+-----
Axes           | 4 5 6 7 8 9 10 | 10.8
Fighting       | |  3.2
Dodging        | |  2.1
Invocations    | |  0.7

Action                     |  1- 3 |  4- 6 |  7- 9 || total
---------------------------+-------+-------+-------++-------
  Melee: Hand axe          |   125 |   282 |   164 ||   571
 Invoke: Smiting           |       |       |     1 ||     1
         Convert to Beogh  |       |       |     1 ||     1
    Use: Potion            |     1 |     5 |     1 ||     7
         Scroll            |       |    10 |     1 ||    11
 Armour: Chain mail        |    93 |   204 |   110 ||   407
         Skin              |       |    21 |       ||    21
  Dodge: Dodged            |    44 |    87 |    31 ||   162
  Block: Kite shield       |       |       |    25 ||    25

Table legend: (Time is in decaauts)
 A = Elapsed time spent in this place.
 B = Non-inter-level travel time spent in this place.
 C = Inter-level travel time spent in this place.
 D = Time resting spent in this place.
 E = Time spent auto-exploring this place.
 F = Levels seen in this place.
 G = Mean time per level.
                   A        B        C        D        E       F      G
               +--------+--------+--------+--------+--------+-----+--------+
         Total |   7141 |   6816 |    325 |   1866 |   3151 |   5 | 1428.2 |
       Dungeon |   7141 |   6816 |    325 |   1866 |   3151 |   5 | 1428.2 |
               +--------+--------+--------+--------+--------+-----+--------+

Top non-repeatable levels by time:
     D:4: 2009 daAuts
     D:3: 1938 daAuts
     D:2: 1302 daAuts
     D:1: 1087 daAuts
     D:5: 803 daAuts
